 Dungeon Crawl Stone Soup version 0.32-a0-921-g04a7ad8e02 (webtiles) character file.

Game seed: 13103153326813188642

2732 DEFE the Cleaver (level 9, -2/63 HPs)
             Began as a Coglin Fighter on Apr 11, 2024.
             Was a Priest of Trog.
             Slain by Maurice
             ... wielding a +0 war axe
              (8 damage)
             ... on level 8 of the Dungeon.
             The game lasted 00:04:54 (5993 turns).

DEFE the Cleaver (Coglin Fighter)                   Turns: 5993, Time: 00:04:54

Health: -2/63      AC: 11    Str: 21    XL:     9   Next: 67%
Magic:  1/9        EV:  7    Int:  8    God:    Trog [***...]
Gold:   0          SH:  0    Dex: 13    Spells: 8/8 levels left

rFire   . . .        a - +0 war axe {Nenetl}
rCold   . . .        w - +0 war axe {Jihoo}
rNeg    . . .        h - +0 chain mail
rPois   .            m - +0 helmet
rElec   .            (no cloak)
rCorr   .            g - +0 pair of gloves
SInv    .            (no boots)
Will    .....        (amulet unavailable) Stlth
                     (ring unavailable)
HPRegen 0.30/turn    (ring unavailable)
MPRegen 0.11/turn    (no gizmo)

%: no passive effects
@: mighty, revving
A: off-hand wielding, slow wielding, warmup strikes, no jewellery
a: Invent Gizmo, Renounce Religion, Berserk, Trog's Hand


You were on level 8 of the Dungeon.
You worshipped Trog.
Trog was most pleased with you.
You visited 1 branch of the dungeon, and saw 8 of its levels.

Inventory:

Hand Weapons
 a - a +0 war axe (weapon) {Nenetl}
 w - a +0 war axe (offhand) {Jihoo}
Armour
 b - a +0 scale mail
 g - a +0 pair of gloves (worn)
 h - a +0 chain mail (worn)
 m - a +0 helmet (worn)
 y - +0 steam dragon scales
Wands
 n - a wand of flame (21)
Scrolls
 e - a scroll of poison {unknown}
 f - 2 scrolls of butterflies {unknown}
 l - 3 scrolls of enchant armour
 q - 2 scrolls of revelation
 s - a scroll of blinking {unknown}
 t - 2 scrolls of fear
 u - 2 scrolls of teleportation
 x - 2 scrolls of amnesia {unknown}
 D - a scroll of enchant weapon {unknown}
Potions
 d - 2 potions of might
 i - 3 potions of mutation {unknown}
 j - 2 potions of curing
 k - 2 potions of degeneration {unknown}
 p - 2 potions of magic {unknown}
 r - 2 potions of attraction {unknown}
 z - a potion of enlightenment {unknown}
 A - a potion of brilliance {unknown}
 B - a potion of haste {unknown}
 C - a potion of berserk rage {unknown}


   Skills:
 - Level 3.0 Fighting
 + Level 13.0 Axes
 - Level 2.6 Armour
 - Level 2.1 Shields


You had 8 spell levels left.
You didn't know any spells.
Your spell library contained the following spells:

 Spells                   Type           Power      Damage    Failure   Level
 Magic Dart               Conj           0%         1d3       97%         1
 Blink                    Tloc           0%         N/A       99%         2
 Call Imp                 Summ           0%         N/A       99%         2
 Mercury Vapours          Alch/Air       0%         N/A       99%         2
 Mephitic Cloud           Conj/Alch/Air  0%         N/A       100%        3
 Freezing Cloud           Conj/Ice/Air   0%         6-21      100%        5


Dungeon Overview and Level Annotations

Branches:
Dungeon (8/15)             Temple (0/1) D:6
   Lair: D:8-11

Altars:
Hepliaklqana
Okawaru
Ru
Trog
Uskayaw
Zin

Shops:
D:6 :

Annotations:
D:6 3 runed translucent doors, Xoff's ghost, novice GrCj
D:8 Maurice


Innate Abilities, Weirdness & Mutations

You can wield a second weapon in your off-hand.
It takes a long time for you to wield or remove held weapons.
Your first few attacks do less damage.
You cannot equip rings or amulets.


Message History

You see here a +0 whip of electrocution.
Unknown command.
Unknown command.
You hear a zap.
Something tries to affect you, but you resist.
You recover from your berserk rage.
Something hits you!
Something groans, "What are you, a monk?"
Something bites you.
You feel your power leaking away. Something drains your magic.
You slash something with your +0 war axe!
You miss something with your +0 war axe.
Something hits you but does no damage. Something bites you.
* * * LOW HITPOINT WARNING * * *
You feel your power leaking away. Something drains your magic.
You miss something with your +0 war axe.
Something blocks your attack. Something hits you.
* * * LOW HITPOINT WARNING * * *
Something groans, "What are you, a monk?"
Something bites you but does no damage.
Unknown command.
You feel better. Something hits you but does no damage. Something bites you.
* * * LOW HITPOINT WARNING * * *
Something drains your magic.
You feel mightier all of a sudden. Something completely misses you.
Something bites you but does no damage.
You hit something with your +0 war axe.
You miss something with your +0 war axe.
Unknown command.
You hit something with your +0 war axe. Something blocks your attack.
Something hits you!
* * * LOW HITPOINT WARNING * * *
Something mutters, "Now where did you hide it?"
Something bites you but does no damage.
Unknown command.
You slash something with your +0 war axe! x2
Something hits you!
You die...

##### #### #...# #... #...#
#... #...# #...
###...################...
+.'.....@................
###)..######........##...
#...# #.........###.. ##.
##...# ##.##......# #..
.....#...(# ##...##.....#
#..
#......###.....##....###..
####.#)###.......#.........
#.....)).ยง..._.............
...##.#.#)#.......#.........


There were no monsters in sight!

Vanquished Creatures
  2 steam dragons
  A water moccasin (D:7)
  2 ice beasts (D:7)
  3 black bears
  An ogre (D:6)
  2 centaurs
  2 bullfrogs
  2 scorpions
  8 wights (D:7)
  6 killer bees (D:7)
  A howler monkey (D:6)
  3 hounds (D:5)
  4 jellies
  3 orc priests
  A gnoll bouda (D:7)
  4 orc wizards
  8 gnolls
  6 adders
  2 white imps
  4 ufetubi
  3 ribbon worms
  A dart slug (D:1)
  19 orcs
  6 bats
  12 endoplasms
  A giant cockroach (D:2)
  4 goblins
  6 hobgoblins
  2 jackals (D:2)
  4 quokkas
  7 ball pythons
  3 frilled lizards
  12 kobolds
  6 rats
151 creatures vanquished.

Notes
Turn   | Place    | Note
-------+----------+-------------------------------------------
     0 | D:1      | DEFE the Coglin Fighter began the quest for the Orb.
     0 | D:1      | Reached XP level 1. HP: 18/18 MP: 1/1
    33 | D:1      | Reached XP level 2. HP: 21/24 MP: 2/2
   175 | D:1      | Reached skill level 3 in Axes
   697 | D:2      | Reached XP level 3. HP: 29/29 MP: 3/3
  1040 | D:2      | Reached skill level 4 in Axes
  1088 | D:2      | Reached XP level 4. HP: 35/35 MP: 4/4
  1530 | D:3      | Found a bloodstained altar of Trog.
  1637 | D:3      | Found a faded altar of an unknown god.
  1699 | D:3      | Became a worshipper of Trog the Wrathful
  1796 | D:3      | Identified the +0 pair of boots of Quantum Leap {*Corrode
                  | Int+6}
  2159 | D:3      | Reached skill level 5 in Axes
  2159 | D:3      | Reached XP level 5. HP: 31/41 MP: 5/5
  2175 | D:3      | Reached * piety under Trog
  2627 | D:4      | Noticed a black bear
  2632 | D:4      | Killed a black bear
  2633 | D:4      | Reached skill level 6 in Axes
  2633 | D:4      | Reached XP level 6. HP: 35/47 MP: 6/6
  3006 | D:5      | Entered Level 5 of the Dungeon
  3061 | D:5      | Reached skill level 7 in Axes
  3070 | D:5      | Reached ** piety under Trog
  3163 | D:5      | Noticed a black bear
  3171 | D:5      | Reached XP level 7. HP: 39/52 MP: 7/7
  3179 | D:5      | Reached skill level 8 in Axes
  3325 | D:5      | Found a glowing silver altar of Zin.
  3408 | D:5      | You fall into a shaft and drop 1 floor!
  3413 | D:6      | Identified the +2 dagger "Gubbipim" {heavy, rN+ rCorr Str+3
                  | Dex+3}
  3558 | D:6      | Found a runed translucent gate.
  3566 | D:6      | Found a runed translucent gate.
  3567 | D:6      | Found a runed translucent gate.
  3855 | D:6      | Reached skill level 9 in Axes
  3855 | D:6      | Reached XP level 8. HP: 52/58 MP: 8/8
  3928 | D:6      | Noticed Xoff's ghost (novice GrCj)
  4322 | D:6      | Found Muwacred's Tremendous Tomes.
  4376 | D:6      | Found a staircase to the Ecumenical Temple.
  4597 | D:7      | Found a sacrificial altar of Ru.
  4607 | D:7      | Reached skill level 10 in Axes
  4757 | D:7      | Identified the +6 quarterstaff of the Lost Lies {vamp,
                  | Will++}
  4835 | D:7      | Reached skill level 11 in Axes
  4841 | D:7      | Reached XP level 9. HP: 58/63 MP: 9/9
  5110 | D:7      | Reached *** piety under Trog
  5216 | D:7      | Found a hazy altar of Hepliaklqana.
  5224 | D:7      | Found a hide-covered altar of Uskayaw.
  5233 | D:7      | Reached skill level 12 in Axes
  5900 | D:8      | Found an iron altar of Okawaru.
  5912 | D:8      | Noticed Maurice
  5923 | D:8      | Something stole 2 throwing nets
  5924 | D:8      | Something stole a +0 hand axe {Gilbert}
  5925 | D:8      | Something stole a +0 buckler
  5926 | D:8      | Something stole 114 gold
  5927 | D:8      | Something stole 275 gold
  5936 | D:8      | Reached skill level 13 in Axes
  5948 | D:8      | Paralysed by something for 5 turns
  5962 | D:8      | Paralysed by something for 2 turns
  5971 | D:8      | Paralysed by something for 3 turns
  5976 | D:8      | Paralysed by something for 5 turns
  5993 | D:8      | Slain by Maurice

Illustrated notes

Levels and vault maps discovered:
D:1:      minmay_arrival_stair_chambers, layout_loops_ring, st_stairs_1
D:2:      layout_basic
D:3:      cheibrodos_fertilizer, layout_basic,
          mainiacjoe_overflow_six_doors_small, ebering_ecumenical_altar_mist
D:4:      layout_rooms
D:5:      layout_rooms, mainiacjoe_overflow_brackets
D:6:      layout_rooms, minmay_temple_entry_junction_2,
          gammafunk_ghost_necromancy, roderic_lattice_a,
          chequers_serial_rivers_marsh, nicolae_shop_i_like_big_books
D:7:      layout_basic, general_overflow_altar, grunt_temple_overflow_open
D:8:      layout_basic, lemuel_round_altar, interstate_on_off,
          nicolae_letterblocks [nicolae_letter_subblock,
          nicolae_letter_subblock, nicolae_letter_subblock,
          nicolae_letter_subblock, nicolae_letter_subblock,
          nicolae_letter_subblock, nicolae_letter_subblock,
          nicolae_letter_subblock, nicolae_letter_subblock,
          nicolae_letter_subblock, nicolae_letter_subblock,
          nicolae_letter_subblock, nicolae_letter_subblock,
          nicolae_letter_subblock, nicolae_letter_subblock,
          nicolae_letter_subblock, nicolae_letter_subblock,
          nicolae_letter_subblock, nicolae_letter_subblock,
          nicolae_letter_subblock, nicolae_letter_subblock,
          nicolae_letter_subblock, nicolae_letter_subblock,
          nicolae_letter_subblock, nicolae_letter_subblock], uniq_maurice

Skill      XL: |  1  2  3  4  5  6  7  8  9 |
---------------+----------------------------+-----
Axes           | 3 4 5 6 7 9 11 13 | 13.0
Fighting       | |  3.0
Armour         | |  2.6
Shields        | |  2.1

Action                     |  1- 3 |  4- 6 |  7- 9 || total
---------------------------+-------+-------+-------++-------
  Melee: War axe           |    82 |   127 |   299 ||   508
         Hand axe          |       |    52 |       ||    52
 Invoke: Berserk           |       |       |     6 ||     6
         Trog's Hand       |       |       |     1 ||     1
  Evoke: Wand              |       |       |     2 ||     2
    Use: Potion            |       |       |     5 ||     5
         Scroll            |       |       |     4 ||     4
 Armour: Scale mail        |    33 |       |       ||    33
         Chain mail        |    38 |    95 |   203 ||   336
  Dodge: Dodged            |    28 |    32 |    60 ||   120
  Block: Buckler           |    23 |    14 |       ||    37

Table legend: (Time is in decaauts)
 A = Elapsed time spent in this place.
 B = Non-inter-level travel time spent in this place.
 C = Inter-level travel time spent in this place.
 D = Time resting spent in this place.
 E = Time spent auto-exploring this place.
 F = Levels seen in this place.
 G = Mean time per level.
                   A        B        C        D        E       F      G
               +--------+--------+--------+--------+--------+-----+--------+
         Total |   6094 |   5869 |    225 |   1194 |   3699 |   8 |  761.8 |
       Dungeon |   6094 |   5869 |    225 |   1194 |   3699 |   8 |  761.8 |
               +--------+--------+--------+--------+--------+-----+--------+

Top non-repeatable levels by time:
     D:7: 1253 daAuts
     D:3: 1033 daAuts
     D:6: 878 daAuts
     D:2: 830 daAuts
     D:1: 663 daAuts
     D:5: 659 daAuts
     D:4: 533 daAuts
     D:8: 242 daAuts
